 Dungeon Crawl Stone Soup version 0.24.0-2-g5b39cebb1c (webtiles) character file.

Game seed: 5349208283179250352, levelgen mode: deterministic

10054 Inarius the Cleaver (level 11, -1/87 HPs)
             Began as a Mummy Wanderer on Oct 29, 2019.
             Was an Initiate of Gozag.
             Slain by a flying skull (7 damage)
             ... in a volcano on Oct 30, 2019.
             The game lasted 00:26:15 (16464 turns).

Inarius the Cleaver (Mummy Wanderer)               Turns: 16464, Time: 00:26:16

Health: -1/87      AC: 17    Str: 23    XL:     11   Next: 31%
Magic:  12/12      EV:  7    Int:  4    God:    Gozag
Gold:   1174       SH:  4    Dex: 18    Spells: 10/10 levels left

rFire    + . .     SeeInvis .   a - +0 war axe
rCold    + . .     Gourm    .   v - +0 buckler
rNeg     + + +     Faith    .   z - +0 plate armour
rPois    ∞         Spirit   .   i - +0 helmet
rElec    .         Reflect  .   (no cloak)
rCorr    .         Harm     .   h - +0 pair of gloves
MR       +....                  y - +0 pair of boots
Stlth    ..........             (no amulet)
HPRegen  0.24/turn              x - ring "Warestrou" {rPois rF++ Str+3 Int-4 Dex+4}
MPRegen  0.13/turn              (no ring)

@: no status effects
A: no food or potions, fire vulnerability, cold resistance 1, negative energy
resistance 3, torment resistance, unbreathing
a: Potion Petition, Call Merchant, Bribe Branch, Renounce Religion


You were in a volcano.
You worshipped Gozag.
Gozag was most pleased with you.
You were not hungry.

You visited 3 branches of the dungeon, and saw 14 of its levels.
You also visited: Ossuary and Volcano.

You collected 1893 gold pieces.
You spent 577 gold pieces at shops.
You paid 142 gold pieces to Gozag.

Inventory:

Hand Weapons
 a - a +0 war axe (weapon)
 c - a +2 whip of flaming
 o - a +0 battleaxe
Missiles
 f - 2 javelins
 p - a throwing net
 q - 8 boomerangs (quivered)
Armour
 h - a +0 pair of gloves (worn)
 i - a +0 helmet (worn)
 m - a +0 leather armour of fire resistance
 v - a +0 buckler (worn)
 y - a +0 pair of boots (worn)
 z - a +0 plate armour (worn)
Jewellery
 x - the ring "Warestrou" (left hand) {rPois rF++ Str+3 Int-4 Dex+4}
   (You bought it in a shop on level 5 of the Dungeon)

   [ring of strength]

   It affects your strength (+3).
   It affects your intelligence (-4).
   It affects your dexterity (+4).
   It greatly protects you from fire.
   It protects you from poison.
Wands
 b - a wand of acid (9)
 s - a wand of random effects (16)
 t - a wand of flame (35)
 B - a wand of enslavement (3)
Scrolls
 d - a scroll of enchant weapon
 g - 17 scrolls of remove curse
 j - 3 scrolls of fear
 k - 2 scrolls of vulnerability
 l - a scroll of immolation
 n - 6 scrolls of teleportation
 r - a scroll of fog
 u - 2 scrolls of amnesia
 w - a scroll of identify
 A - a scroll of blinking


   Skills:
 * Level 8.4 Fighting
 * Level 11.3 Axes
 - Level 0.3 Throwing
 + Level 7.6 Armour
 - Level 1.0 Dodging
 - Level 1.0 Stealth
 + Level 1.6 Shields
 * Level 1.8 Evocations


You had 10 spell levels left.
You didn't know any spells.
Your spell library contained the following spells:

 Spells                   Type           Power        Failure   Level  Hunger
 Apportation              Tloc           #.....       100%        1    N/A
 Corona                   Hex            #......      100%        1    N/A
 Sting                    Conj/Pois      #...         100%        1    N/A
 Summon Butterflies       Summ           #.......     100%        1    N/A
 Ensorcelled Hibernation  Hex/Ice        #.....       100%        2    N/A
 Poisonous Vapours        Pois/Air       #.....       100%        2    N/A
 Slow                     Hex            #.......     100%        2    N/A
 Sticks to Snakes         Tmut           #.......     100%        2    N/A
 Confuse                  Hex            #.......     100%        3    N/A
 Dazzling Spray           Conj/Hex       #.....       100%        3    N/A
 Inner Flame              Hex/Fire       #.......     100%        3    N/A
 Lesser Beckoning         Tloc           #.........   100%        3    N/A
 Mephitic Cloud           Conj/Pois/Air  #.......     100%        3    N/A
 Portal Projectile        Hex/Tloc       #.....       100%        3    N/A
 Tukima's Dance           Hex            #.......     100%        3    N/A
 Cause Fear               Hex            #.........   100%        4    N/A
 Leda's Liquefaction      Hex/Erth       #.........   100%        4    N/A
 Olgreb's Toxic Radiance  Pois           #.......     100%        4    N/A
 Alistair's Intoxication  Tmut/Pois      #.......     100%        5    N/A
 Venom Bolt               Conj/Pois      #.........   100%        5    N/A
 Invisibility             Hex            #.......     100%        6    N/A
 Beastly Appendage        Tmut           Unusable     N/A         1    N/A
 Spider Form              Tmut/Pois      Unusable     N/A         3    N/A
 Ice Form                 Ice/Tmut       Unusable     N/A         4    N/A
 Blade Hands              Tmut           Unusable     N/A         5    N/A

Dungeon Overview and Level Annotations

Branches:
Dungeon (12/15)            Temple (1/1) D:6            Lair (1/6) D:9
    Orc (0/2) D:9         Ossuary (visited)         Volcano (1/1)

Altars:
Ashenzari
Fedhas
Gozag
Hepliaklqana
Kikubaaqudgha
Makhleb
Nemelex Xobeh
Okawaru
Qazlal
Ru
Sif Muna
Uskayaw
Vehumet
Wu Jian
Zin

Shops:
D:5 =

Annotations:
D:9 2 transporters, Numoclaw's ghost, novice HOSk


Innate Abilities, Weirdness & Mutations

You do not eat or drink.
Your flesh is vulnerable to fire.
You are immune to poison.
Your flesh is cold resistant. (rC+)
You are immune to negative energy. (rN+++)
You are immune to unholy pain and torment.
You can survive without breathing.


Message History

Your plate armour prevents you from hitting the flying skull.
The flying skull hits you.
* * * LOW HITPOINT WARNING * * *
The flying skull barely misses you.
The flying skull hits you but does no damage.
The flying skull hits you!
* * * LOW HITPOINT WARNING * * *
Evoke which item? (* to show all) (? for menu, Esc to quit)
Okay, then.
Unknown command.
As you read the scroll of summoning, it crumbles to dust.
Wisps of shadow whirl around you...
The flying skull hits you but does no damage.
The flying skull barely misses you.
Unknown command.
The flying skull hits you!
* * * LOW HITPOINT WARNING * * *
You block the flying skull's attack. The flying skull hits you!
You die...
Your body crumbles into a pile of gold.

#....≈§≈§≈§§§≈≈§≈
#.....≈§§§§≈§§≈≈≈§§§§§
###....§...≈≈≈≈≈≈§§≈§§
#....§§.....≈≈§≈≈≈≈§
###..∩.∩....≈§≈≈≈≈≈≈
##.........≈≈≈≈≈≈≈
###.........≈≈≈..
###..99z.......
#...@z....#
####N.##..... #### ###


You could see 2 flying skulls, a friendly salamander, a friendly molten gargoyle
and a friendly gargoyle.

Vanquished Creatures
  Josephine (D:10)
  A two-headed ogre (D:9)
  Pikel (D:6)
  A centaur zombie (D:11)
  2 trolls (D:10)
  A flying skull (Volcano)
  A wyvern (D:8)
  Eustachio (D:4)
  5 wraiths
  A hungry ghost (D:11)
  Menkaure (Ossuary)
  The ghost of Tungsten the Digger, an amateur BaEE of Sif Muna (D:6)
  Duvessa (D:5)
  A water moccasin (Lair:1)
  4 orc warriors
  2 sky beasts
  2 phantoms
  4 ice beasts
  An eye of draining (D:10)
  2 centaurs
  3 slaves (D:6)
  7 ogres
  A crocodile (Lair:1)
  2 big kobolds
  12 bullfrogs
  A gnoll sergeant (D:9)
  A water moccasin zombie (D:9)
  6 scorpions
  Dowan (D:5)
  8 killer bees (D:9)
  8 wights
  A howler monkey (D:8)
  5 electric eels
  2 bullfrog zombies
  6 crimson imps
  2 quasits
  4 hounds
  4 orc priests
  2 bullfrog skeletons
  5 orc wizards
  3 iguanas
  Natasha (thrice) (D:4)
  5 worker ants (D:6)
  A hound zombie (D:7)
  A hound skeleton (D:10)
  2 mummies (Ossuary)
  4 gnolls (D:10)
  A howler monkey skeleton (D:10)
  10 adders
  4 shadow imps
  An adder skeleton (D:7)
  2 worms
  2 dart slugs (D:1)
  5 leopard geckos
  45 orcs
  4 giant cockroaches
  5 gnoll zombies (Ossuary)
  3 goblins
  7 hobgoblins
  9 jackals
  16 kobolds
  2 quokkas
  3 ball pythons
  6 bats
  A frilled lizard (D:3)
  5 gnoll skeletons (Ossuary)
  5 goblin skeletons (Ossuary)
  6 goblin zombies (Ossuary)
  2 hobgoblin skeletons (Ossuary)
  4 hobgoblin zombies (Ossuary)
  5 kobold skeletons (Ossuary)
  A kobold zombie (Ossuary)
  2 orc skeletons (Ossuary)
  2 orc zombies (Ossuary)
  A quokka skeleton (D:5)
  5 rats
  6 rat skeletons (Ossuary)
  7 rat zombies (Ossuary)
  A plant (D:2)
312 creatures vanquished.

Vanquished Creatures (others)
  A withered plant (D:6)
1 creature vanquished.

Grand Total: 313 creatures vanquished

Notes
Turn   | Place    | Note
-------+----------+-------------------------------------------
     0 | D:1      | Inarius the Mummy Wanderer began the quest for the Orb.
     0 | D:1      | Inarius set off with the following items: a +0 mace, a +2
                  | scale mail, a wand of random effects (15)
     0 | D:1      | Reached XP level 1. HP: 18/18 MP: 1/1
    97 | D:1      | Reached XP level 2. HP: 16/24 MP: 2/2
   696 | D:1      | Reached XP level 3. HP: 10/29 MP: 3/3
  2064 | D:2      | Reached skill level 1 in Dodging
  2064 | D:2      | Reached XP level 4. HP: 34/36 MP: 4/4
  2108 | D:2      | Reached skill level 5 in Armour
  2652 | D:3      | Reached XP level 5. HP: 38/42 MP: 5/5
  2657 | D:3      | Reached skill level 1 in Axes
  3155 | D:4      | Noticed Natasha
  3172 | D:4      | Noticed a phantom
  3177 | D:4      | Killed Natasha
  3216 | D:4      | Killed a phantom
  3216 | D:4      | Reached skill level 2 in Axes
  3216 | D:4      | Reached XP level 6. HP: 21/49 MP: 6/6
  3628 | D:4      | Noticed Natasha
  3654 | D:4      | Killed Natasha
  3828 | D:4      | Reached skill level 3 in Axes
  3867 | D:4      | Noticed Eustachio
  3905 | D:4      | Killed Eustachio
  3905 | D:4      | Reached XP level 7. HP: 38/55 MP: 7/7
  4041 | D:4      | Noticed Natasha
  4055 | D:4      | Killed Natasha
  4292 | D:5      | Entered Level 5 of the Dungeon
  4305 | D:5      | Found a transporter.
  4349 | D:5      | Found a transporter.
  4375 | D:5      | Found a sand-covered staircase.
  4382 | D:5      | Reached skill level 4 in Axes
  4463 | Ossuary  | Entered an ossuary
  5176 | Ossuary  | Noticed Menkaure
  5186 | Ossuary  | Killed Menkaure
  5186 | Ossuary  | Reached skill level 5 in Fighting
  5350 | D:5      | Reached skill level 5 in Axes
  5365 | D:5      | Reached XP level 8. HP: 42/62 MP: 8/8
  5557 | D:5      | Found Napuwni's Jewellery Emporium.
  5700 | D:5      | Noticed Dowan
  5755 | D:5      | Killed Dowan
  5810 | D:5      | Noticed Duvessa
  5932 | D:5      | You fall into a shaft and drop 1 floor!
  6034 | D:6      | Reached skill level 6 in Axes
  6038 | D:6      | Found a runed translucent door.
  6038 | D:6      | Noticed Tungsten's ghost (amateur BaEE)
  6200 | D:5      | Found a blossoming altar of Fedhas.
  6378 | D:5      | Killed Duvessa
  7248 | D:6      | Reached skill level 7 in Axes
  7439 | D:6      | Reached XP level 9. HP: 55/69 MP: 9/9
  7482 | D:6      | HP: 2/69 [orc warrior/+0 long sword (15)]
  7891 | D:6      | Noticed Pikel
  7907 | D:6      | Killed Pikel
  8137 | D:6      | Reached skill level 8 in Axes
  8235 | D:6      | Found a staircase to the Ecumenical Temple.
  8244 | Temple   | Entered the Ecumenical Temple
  8260 | Temple   | Became a worshipper of Gozag Ym Sagoz the Greedy
  9579 | D:7      | Reached skill level 9 in Axes
 10080 | D:5      | Bought the ring "Warestrou" {rPois rF++ Str+3 Int-4 Dex+4}
                  | for 577 gold pieces
 10432 | D:8      | Found a radiant altar of Vehumet.
 10659 | D:8      | Reached XP level 10. HP: 44/79 MP: 10/10
 11284 | D:9      | Found a hazy altar of Hepliaklqana.
 11453 | D:9      | Noticed Numoclaw's ghost (novice HOSk)
 11746 | D:9      | Found a staircase to the Orcish Mines.
 11776 | D:9      | Found a staircase to the Lair.
 11839 | D:9      | Noticed a two-headed ogre
 12096 | D:9      | Killed a two-headed ogre
 12096 | D:9      | Reached skill level 10 in Axes
 12205 | D:9      | Found a transporter.
 12209 | D:9      | Found a transporter.
 12609 | D:6      | Killed Tungsten's ghost
 12697 | D:10     | Entered Level 10 of the Dungeon
 12913 | D:10     | Reached skill level 1 in Shields
 14757 | D:11     | Noticed Josephine
 14792 | D:10     | Killed Josephine
 14792 | D:10     | Reached skill level 11 in Axes
 14792 | D:10     | Reached XP level 11. HP: 52/86 MP: 12/12
 16112 | Lair:1   | Entered Level 1 of the Lair of Beasts
 16415 | Lair:1   | Found a dark tunnel.
 16420 | Volcano  | Entered a volcano
 16464 | Volcano  | Slain by a flying skull

Levels and vault maps discovered:
D:1:      sevenhm_arrival_forest_fort_large_4, layout_loops_ring,
          chequers_serial_rivers_room_b, due_unseen_surprise
D:2:      layout_loops_cross, serial_forest, infiniplex_forest_clump_small,
          infiniplex_forest_fountain, infiniplex_forest_lined_3_way,
          infiniplex_forest_end_2, infiniplex_forest_end_3,
          infiniplex_forest_end_3, infiniplex_forest_zigzag_1,
          infiniplex_forest_clump_curved
D:3:      minmay_door_path, layout_rooms
D:4:      layout_basic, first_ration, st_stairs_6, uniq_eustachio, uniq_natasha
D:5:      gammafunk_steamed_eel, layout_basic, serial_shops, shop,
          lightli_ossuary_entry_decrepit_ruins, fedhas_altar_fruit_tree,
          uniq_duvessa
D:6:      layout_basic, minmay_temple_entry_gardened_gates,
          gammafunk_ghost_grave, chequers_decorated_corner, hex_tiny, uniq_pikel
D:7:      layout_basic
D:8:      layout_gridville, kennysheep_mini
D:9:      layout_small_grid, lair_entry_dummy, hiddenorc1_lemuel, basic_altar,
          gammafunk_ghost_hive
D:10:     layout_stronghold
D:11:     layout_cave_pools, uniq_josephine
D:12:     layout_basic, nicolae_trove_entry_crossroad, grunt_tengu_nest,
          minivault_16, uniq_snorg, uniq_fannar
Temple:   nicolae_temple_the_god_donut
Lair:1:   lemuel_ratsnest, layout_cave_pods, portal_ice_cave_entry_ice_beasts,
          enter_volcano_4, minivault_23, infiniplex_staircase_pool
Volcano:  volcano_tomb [vts_original]

Skill      XL: |  1  2  3  4  5  6  7  8  9 10 |
---------------+-------------------------------+-----
Dodging        | 1 |  1.0
Armour         | 5 6 7 |  7.6
Fighting       | 4 5 6 7 8 |  8.4
Axes           | 2 3 5 7 9 11 | 11.3
Shields        | 1 |  1.6
Throwing       | |  0.3
Stealth        | |  1.0
Evocations     | |  1.8

Action                   |  1- 3 |  4- 6 |  7- 9 | 10-12 || total
-------------------------+-------+-------+-------+-------++-------
Melee: Mace              |   183 |    15 |       |       ||   198
       Battleaxe         |       |   160 |   401 |       ||   561
       Hand axe          |       |    21 |       |       ||    21
       War axe           |       |       |   102 |   435 ||   537
Throw: Boomerang         |       |    19 |     6 |    21 ||    46
       Throwing net      |       |     1 |     1 |       ||     2
Evoke: Wand              |       |     7 |    12 |    16 ||    35
  Use: Scroll            |     1 |     1 |    10 |     9 ||    21
 Stab: Paralysed         |       |     3 |     3 |     3 ||     9
       Distracted        |       |       |     1 |       ||     1
       Held in net/web   |       |       |     1 |       ||     1
Armor: Scale mail        |   136 |   184 |   228 |    41 ||   589
       Plate armour      |       |       |       |   284 ||   284
Dodge: Dodged            |   134 |   156 |   260 |   154 ||   704
Block: Buckler           |       |       |     8 |   105 ||   113
